AoeStats
← jack122800

Arena

510760375Analyzed
3v3 RM · 1d ago on Oct 2, 2026· 56m 53s· 6 players
Game mode
Random Map
Map size
Normal (6 player)
Population
200
Speed
Normal
Resources
Standard
Victory
Conquest
Starting age
Dark Age
Ending age
Imperial Age
RankedLock teamsTeams togetherTeam positionsShared explorationLock speedFull tech treeHidden civsTurbo modeCheats
Victory
Defeat
🇩🇪 Turks · Germany
1151
+16
🇨🇳 Khmer · China
1117
+17
🇺🇸 Malay · United States
1080
+19
🇹🇼 Persians · Taiwan
1151
-18
🇹🇼 Muisca · Taiwan
1140
-17
🇹🇼 Turks · Taiwan
1139
-17
大象钻树林
10:20 Feudal Age
13:27 Castle Age
11:52 Double-Bit Axe
14:57 Horse Collar
16:01 Wheelbarrow
22:08 Loom
22:56 Heavy Plow
23:13 Hand Cart
23:15 Bow Saw
23:43 Gold Mining
27:16 Gold Shaft Mining
26:32 Stone Mining
26:50 Scale Barding Armor
26:56 Forging
29:19 Imperial Age
28:01 Fortified Wall
28:01 Masonry
27:47 Murder Holes
28:12 Ballistics
29:33 Husbandry
29:44 Bloodlines
29:36 Tusk Swords
29:42 Elite Battle Elephant
30:45 Conscription
31:00 Hoardings
32:33 Chemistry
32:05 Architecture
31:57 Chain Barding Armor
32:13 Iron Casting
34:16 Plate Barding Armor
34:51 Blast Furnace
34:00 Siege Engineers
38:47 Scale Mail Armor
42:24 Chain Mail Armor
42:12 Padded Archer Armor
44:34 Stone Shaft Mining
44:44 Crop Rotation
46:22 Cavalier
47:20 Sappers
51:45 Light Cavalry
56:05 Hussar
schmidmaseb
11:10 Feudal Age
13:05 Double-Bit Axe
15:31 Castle Age
17:34 Gold Mining
20:50 Imperial Age
24:07 Devotion
24:55 Fletching
31:56 Bow Saw
35:26 Bodkin Arrow
35:31 Padded Archer Armor
37:48 Bracer
39:19 Horse Collar
41:12 Leather Archer Armor
43:21 Ring Archer Armor
43:32 Ballistics
43:32 Artillery
44:38 Parthian Tactics
44:27 Thumb Ring
46:14 Heavy Cavalry Archer
47:40 Conscription
47:56 Sipahi
Jersey_TitanX
9:49 Feudal Age
9:05 Man-at-Arms
10:35 Double-Bit Axe
11:01 Arson
17:17 Horse Collar
19:17 Wheelbarrow
23:07 Castle Age
21:42 Gold Mining
23:07 Bow Saw
24:28 Long Swordsman
25:46 Squires
26:28 Elite Skirmisher
29:31 Stone Mining
31:46 Loom
31:34 Crossbowman
35:47 Imperial Age
34:03 Fletching
34:13 Padded Archer Armor
35:38 Gold Shaft Mining
34:35 Arbalester
35:40 Heavy Plow
38:53 Bodkin Arrow
39:14 Leather Archer Armor
40:04 Block Printing
39:45 Herbal Medicine
42:09 Chemistry
41:29 Ballistics
42:21 Thumb Ring
42:23 Bracer
42:54 Ring Archer Armor
43:22 Stone Shaft Mining
44:14 Crop Rotation
44:18 Two-Handed Swordsman
45:57 Sanctity
jack122800
11:31 Feudal Age
15:37 Castle Age
14:00 Double-Bit Axe
13:58 Horse Collar
16:31 Bow Saw
17:40 Wheelbarrow
18:08 Heavy Plow
22:56 Hand Cart
25:53 Gold Mining
27:48 Gold Shaft Mining
27:21 Loom
27:22 Town Watch
30:35 Imperial Age
29:33 Scale Barding Armor
29:39 Forging
29:43 Bloodlines
29:44 Husbandry
30:32 Cavalier
31:57 Crop Rotation
32:33 Two-Man Saw
32:14 Chain Barding Armor
32:30 Iron Casting
33:13 Savar
39:37 Scale Mail Armor
40:14 Plate Barding Armor
40:09 Onager
52:26 Light Cavalry
54:13 Blast Furnace
他肯
11:55 Feudal Age
13:54 Double-Bit Axe
16:20 Castle Age
14:20 Horse Collar
15:38 Gold Mining
18:33 Loom
19:23 Wheelbarrow
25:35 Imperial Age
45:47 Conscription
47:34 Artillery
48:25 Fortified Wall
49:22 Hand Cart
50:22 Ballistics
emperor6702
7:19 Loom
11:40 Feudal Age
16:49 Castle Age
17:30 Stone Mining
17:27 Double-Bit Axe
21:57 Wheelbarrow
26:27 Imperial Age
24:50 Bow Saw
24:28 Horse Collar
26:33 Gold Mining
27:44 Fletching
31:29 Town Watch
33:59 Redemption
34:54 Chemistry
34:32 Block Printing
34:22 Bodkin Arrow
35:18 Sanctity
40:34 Bracer
41:59 Masonry
42:15 Murder Holes
54:26 Fervor
Connection lost

Rejoining the realm…

Still unreachable

The connection could not be restored.

Session expired

The server has moved on; the page needs a fresh start.